 Dungeon Crawl Stone Soup version 0.16-a0-3352-g89a97a1 (webtiles) character file.

93586 Minkie the Impaler (level 16, -14/123 HPs)
             Began as a Merfolk Gladiator on Dec 28, 2014.
             Was the Champion of Kikubaaqudgha.
             Demolished by an Ice Fiend (23 damage)
             ... in an ice cave on Dec 29, 2014.
             The game lasted 03:09:17 (31467 turns).

Minkie the Impaler (Merfolk Gladiator)             Turns: 31467, Time: 03:09:19

Health: -14/123    AC: 31    Str: 22    XL:     16   Next: 9%
Magic:  21/31      EV: 18    Int: 14    God:    Kikubaaqudgha [******]
Gold:   587        SH:  6    Dex: 18    Spells: 7 memorised, 12 levels left

rFire  + . .     SeeInvis .     O - +0 demon trident (venom)
rCold  + . .     Clarity  +     w - +9 pearl dragon armour of Zaziag {rN+ Str+1 Dex+2}
rNeg   + . .     SustAb   .     u - +0 buckler
rPois  +         Gourm    .     x - +2 helmet
rElec  +         Spirit   .     m - +0 cloak
rCorr  +         Warding  .     b - +0 pair of gloves
rMut   .         Stasis   .     t - +0 pair of boots
MR     +....                    (no amulet)
Stlth  ..........               K - ring of poison resistance
                                P - +5 ring of slaying

@: mighty, resistant, regenerating, somewhat resistant to hostile enchantments,
extremely unstealthy
A: change form in water, swift swim, agile 1, clarity
a: Receive Corpses, Torment, Renounce Religion


You were in an ice cave.
You worshipped Kikubaaqudgha.
Kikubaaqudgha was exalted by your worship.
You were not hungry.

You visited 5 branches of the dungeon, and saw 28 of its levels.
You also visited: Ice Cave.

You collected 2060 gold pieces.
You spent 1473 gold pieces at shops.

Inventory:

Hand weapons
 O - a +0 demon trident of venom (weapon)
Missiles
 d - 8 throwing nets
 j - 20 tomahawks (quivered)
Armour
 b - a +0 pair of gloves (worn)
 m - a +0 cloak (worn)
 t - a +0 pair of boots (worn)
 u - a +0 buckler (worn)
 w - the +9 pearl dragon armour of Zaziag (worn) {rN+ Str+1 Dex+2}
   (You found it on level 4 of the Dungeon)

   It affects your strength (+1).
   It affects your dexterity (+2).
   It protects you from negative energy.
 x - a +2 helmet (worn)
Jewellery
 K - a ring of poison resistance (right hand)
 N - an uncursed amulet of stasis
 P - a +5 ring of slaying (left hand)
Magical devices
 F - a wand of confusion (32)
 I - a wand of heal wounds (4)
 Y - a wand of digging (14)
Scrolls
 e - 7 scrolls of teleportation
 o - a scroll of torment
 p - 9 scrolls of identify
 q - 9 scrolls of remove curse
 r - 5 scrolls of magic mapping
 v - a scroll of amnesia
 y - 6 scrolls of fear
Potions
 a - 4 potions of brilliance
 g - a potion of restore abilities
 h - 7 potions of curing
 k - 2 potions of might
 s - a potion of resistance
 C - a potion of cancellation
 D - 3 potions of invisibility
 J - a potion of agility
 X - a potion of haste
Comestibles
 c - 16 fruits
 f - 14 bread rations
 M - 18 royal jellies


   Skills:
 + Level 10.5 Fighting
 - Level 16.3 Polearms
 - Level 2.0 Throwing
 - Level 10.0 Armour
 + Level 12.4 Dodging
 - Level 5.0 Shields
 - Level 8.0 Spellcasting
 - Level 5.0 Conjurations
 - Level 6.2 Charms
 + Level 8.6 Necromancy
 - Level 4.1 Translocations
 - Level 5.0 Air Magic
 - Level 3.0 Poison Magic


You had 12 spell levels left.
You knew the following spells:

 Your Spells              Type           Power        Failure   Level  Hunger
a - Regeneration          Chrm/Necr      ####......   4%          3    ##.....
b - Blink                 Tloc           N/A          8%          2    None
c - Repel Missiles        Chrm/Air       ###...       3%          2    None
d - Mephitic Cloud        Conj/Pois/Air  ###.....     14%         3    ##.....
e - Swiftness             Chrm/Air       ###.....     3%          2    None
f - Flight                Chrm/Air       ###.......   10%         3    ##.....
g - Animate Dead          Necr           N/A          10%         4    ####...


Dungeon Overview and Level Annotations

Branches:
Dungeon (14/15)            Temple (1/1) D:6            Lair (8/8) D:8
  Swamp (1/5) Lair:3        Snake (0/5) Lair:5        Slime (0/6) Lair:7
    Orc (4/4) D:10            Elf (0/3) Orc:4        Vaults (0/5) D:14

Altars:
Ashenzari
Cheibriados
Dithmenos
Elyvilon
Fedhas
Gozag
Kikubaaqudgha
Makhleb
Nemelex Xobeh
Okawaru
Qazlal
Ru
Sif Muna
Trog
Vehumet
Xom
Yredelemnul
Zin
The Shining One
Beogh
Jiyva

Shops:
D:4 ?   D:12 %   Orc:4 :(}*

Portals:
Trove: D:10 (give 2 potions of cure mutation)

Annotations:
D:7 exclusion: downstairs


Innate Abilities, Weirdness & Mutations

You revert to your normal form in water.
You are very nimble and swift while swimming.
You are agile. (Dex +2)
You possess an exceptional clarity of mind.


Message History

The bolt of cold hits you! You resist.
* * * LOW HITPOINT WARNING * * *
Your polar bear zombie barely misses the Ice Fiend.
Your polar bear zombie claws the Ice Fiend but does no damage. x2
Your pearl dragon armour of Zaziag prevents you from hitting the Ice Fiend.
The Ice Fiend is heavily wounded.
You block the Ice Fiend's attack.
The Ice Fiend claws you but does no damage.
You hit the Ice Fiend.
The Ice Fiend is heavily wounded.
Your polar bear zombie bites the Ice Fiend!
Your polar bear zombie claws the Ice Fiend but does no damage.
Your polar bear zombie barely misses the Ice Fiend.
You hit the Ice Fiend but do no damage.
The Ice Fiend is severely wounded.
The Ice Fiend claws you.
* * * LOW HITPOINT WARNING * * *
The Ice Fiend freezes you!! You resist.
You die...
Kikubaaqudgha rasps: "You have failed me!
Welcome... death!"

.###§§#.§###...## #...#
§§.....#.........## #...#
§§§##......##.3....# ##...
§§§§§##......###....# ##..
..§§§.§#........#....# ##Z
#§§§§§§####..##.....## ##..
#§§.§§§§§.##....### #.Z#
#§§§§§§..1Z.### ####..#
##§§§§§.@#### ###.#....
###§§§###### ###........
##§§§### ####§§........
##.§§###########..§§§........
##...##)..##.......§§#........
#..###)....Z......#.###.§.....
#...##.....##..###### ##......
##..####....##...# #####..
###Z..###.###...# ###


You could see an Ice Fiend and a friendly polar bear zombie.

Vanquished Creatures
  Maud (Lair:4)
  A dire elephant (Lair:8)
  Snorg (Lair:5)
  2 vault guards (D:14)
  Harold (Lair:1)
  6 hydras
  Erica (Lair:6)
  5 centaur warriors
  6 death yaks
  An ogre mage (D:13)
  The ghost of Fiveotanaka the Destroyer, an experienced DrAE of Vehumet (Lair:2)
  A deep troll shaman (Lair:8)
  A tengu warrior (D:14)
  3 orc high priests
  A catoblepas (Lair:8)
  An ice devil (IceCv)
  2 hill giants (D:11)
  2 wizards (D:14)
  An unseen horror (D:11)
  3 ice statues
  Pikel (D:4)
  3 necromancers (D:14)
  6 orc knights
  4 orc sorcerers (Orc:4)
  An ugly thing (D:11)
  2 cyclopes
  2 griffons
  2 manticores
  3 centaur zombies
  5 elephants
  A queen ant (Lair:3)
  Joseph (Orc:3)
  3 gargoyles
  12 black mambas
  A centaur skeleton (D:14)
  4 fire drakes
  A yaktaur (D:14)
  4 komodo dragons
  10 spiny frogs
  A freezing wraith (D:14)
  8 blue devils (IceCv)
  A tengu conjurer (D:14)
  A queen bee (Lair:5)
  6 trolls
  A giant leech (Lair:6)
  6 ravens
  2 two-headed ogres
  Grinder (D:3)
  7 blink frogs (Lair:4)
  7 slime creatures
  A bog body (Swamp:1)
  A trapdoor spider zombie (D:13)
  A centaur simulacrum (D:14)
  3 basilisks
  A deep elf mage (D:13)
  A shadow (D:13)
  36 yaks
  3 wyverns
  10 hippogriffs
  16 humans (D:14)
  Grum (Orc:1)
  2 steam dragons (D:9)
  5 vampire mosquitoes
  2 hungry ghosts
  23 wolves
  20 soldier ants (Lair:3)
  Edmund (D:4)
  2 insubstantial wisps (Swamp:1)
  A mottled dragon (D:14)
  11 swamp worms
  A raven skeleton (D:14)
  A warg (D:13)
  10 porcupines
  21 orc warriors
  A sky beast (D:8)
  10 water moccasins
  4 slaves (D:4)
  4 black bears
  An eye of draining (D:14)
  3 phantoms
  6 ogres
  An ice beast (IceCv)
  2 necrophages
  A boring beetle (Lair:7)
  11 centaurs
  8 crocodiles
  A gnoll sergeant (D:5)
  Blork the orc (D:4)
  27 giant frogs
  A big kobold (D:10)
  36 killer bees
  4 scorpions
  An electric eel (Lair:3)
  7 wights
  7 crimson imps
  6 jellies
  3 quasits
  4 goliath beetles
  18 orc priests
  19 orc wizards
  A human zombie (D:14)
  24 worker ants
  2 human skeletons (D:14)
  5 iguanas
  13 hounds
  12 sheep
  2 killer bee zombies
  Ijyb (D:3)
  Jessica (D:3)
  2 hound skeletons
  Terence (D:2)
  A mummy (D:11)
  12 gnolls
  45 river rats
  28 adders
  7 white imps (IceCv)
  2 worms
  4 shadow imps
  3 ufetubi (IceCv)
  2 adder skeletons
  An orc skeleton (Orc:4)
  3 orc zombies (Orc:4)
  2 oozes
  123 orcs
  3 ball pythons
  12 bats
  2 bat skeletons (D:6)
  3 giant cockroaches
  14 hobgoblins
  8 jackals
  15 quokkas
  8 giant geckos
  12 giant newts
  A giant spore (D:9)
  19 goblins
  2 jackal skeletons (D:4)
  23 kobolds
  A quokka skeleton (D:3)
  37 rats
  22 ballistomycetes
  A butterfly (Lair:1)
  2 toadstools (D:1)
991 creatures vanquished.

Vanquished Creatures (collateral kills)
  A hydra (Swamp:1)
  2 alligators (Swamp:1)
  2 ice devils (IceCv)
  An ice statue (Swamp:1)
  3 slime creatures (Swamp:1)
  A shadow (Swamp:1)
  3 insubstantial wisps (Swamp:1)
  A swamp worm (Swamp:1)
  A swamp drake (Swamp:1)
  2 ice beasts (Swamp:1)
  A killer bee (Lair:5)
  3 ufetubi (IceCv)
21 creatures vanquished.

Vanquished Creatures (others)
  A raven zombie (Swamp:1)
  3 polar bear zombies (IceCv)
  A killer bee (D:7)
  7 yak zombies (IceCv)
  4 ufetubi (IceCv)
  An orc zombie (Orc:4)
  A giant spore (D:7)
  4 ballistomycetes (D:7)
  A fungus (Swamp:1)
  A plant (Lair:8)
  12 toadstools (D:1)
36 creatures vanquished.

Grand Total: 1048 creatures vanquished

Notes
Turn   | Place    | Note
--------------------------------------------------------------
     0 | D:1      | Minkie, the Merfolk Gladiator, began the quest for the Orb.
     0 | D:1      | Reached XP level 1. HP: 16/16 MP: 1/1
   185 | D:1      | Reached skill level 5 in Polearms
   202 | D:1      | Reached XP level 2. HP: 19/22 MP: 2/2
   548 | D:1      | Reached XP level 3. HP: 23/27 MP: 3/3
   549 | D:1      | Reached skill level 6 in Polearms
   953 | D:2      | Found a deep blue altar of Sif Muna.
   972 | D:2      | Noticed Terence
   988 | D:2      | Killed Terence
  1290 | D:2      | Reached skill level 7 in Polearms
  1290 | D:2      | Reached XP level 4. HP: 33/33 MP: 4/4
  2085 | D:2      | Reached skill level 8 in Polearms
  2144 | D:2      | Reached XP level 5. HP: 38/38 MP: 5/5
  2348 | D:3      | Noticed Jessica
  2359 | D:3      | Killed Jessica
  2359 | D:3      | Reached skill level 9 in Polearms
  2381 | D:3      | Noticed Ijyb
  2426 | D:3      | Killed Ijyb
  2426 | D:3      | Reached XP level 6. HP: 40/44 MP: 6/6
  2520 | D:3      | Noticed Grinder
  2520 | D:3      | Paralysed by Grinder for 7 turns
  2538 | D:3      | HP: 1/44 [Grinder (4)]
  2544 | D:3      | Killed Grinder
  2544 | D:3      | Reached skill level 10 in Polearms
  2544 | D:3      | Reached XP level 7. HP: 2/50 MP: 7/7
  3138 | D:3      | Reached skill level 11 in Polearms
  3236 | D:4      | Noticed Blork the orc
  3257 | D:4      | Killed Blork the orc
  3381 | D:4      | Got an ancient pearl dragon armour
  3392 | D:4      | Identified the +9 pearl dragon armour of Zaziag {rN+ Str+1 Dex+2} (You found it on level 4 of the Dungeon)
  3457 | D:4      | Found a shattered altar of Ashenzari.
  3582 | D:4      | Got an ancient leather armour
  3593 | D:4      | Identified the cursed -3 leather armour "Ilosm" {Str+3 Int+2} (You found it on level 4 of the Dungeon)
  3650 | D:4      | Found Kluhox's Magic Scroll Shop.
  3653 | D:4      | Bought a scroll of noise for 13 gold pieces
  3653 | D:4      | Bought a scroll of identify for 26 gold pieces
  3653 | D:4      | Bought a scroll of fear for 45 gold pieces
  3653 | D:4      | Bought a scroll of magic mapping for 45 gold pieces
  3653 | D:4      | Bought a scroll of identify for 26 gold pieces
  3653 | D:4      | Bought a scroll of identify for 26 gold pieces
  3848 | D:4      | Found a radiant altar of Vehumet.
  3898 | D:4      | Identified the Incunabulum of the Entourage (You found it on level 4 of the Dungeon)
  3899 | D:4      | Noticed Pikel
  4062 | D:4      | Reached skill level 12 in Polearms
  4613 | D:4      | Noticed Edmund
  4727 | D:4      | Killed Edmund
  4736 | D:4      | Reached XP level 8. HP: 28/56 MP: 8/8
  4964 | D:4      | Killed Pikel
  4964 | D:4      | Reached skill level 14 in Polearms
  5272 | D:5      | Entered Level 5 of the Dungeon
  5378 | D:5      | Reached skill level 1 in Armour
  5491 | D:5      | Found a burning altar of Makhleb.
  5597 | D:5      | Found a blossoming altar of Fedhas.
  5757 | D:5      | Reached XP level 9. HP: 41/61 MP: 9/9
  6367 | D:6      | Found a staircase to the Ecumenical Temple.
  6375 | Temple   | Entered the Ecumenical Temple
  6454 | Temple   | Became a worshipper of Kikubaaqudgha
  6923 | D:6      | Reached skill level 5 in Armour
  7297 | D:6      | Acquired Kikubaaqudgha's first power
  7297 | D:6      | Received a gift from Kikubaaqudgha
  7315 | D:6      | Identified Kikubaaqudgha's Handbook of Evil (Kikubaaqudgha gifted it to you on level 6 of the Dungeon)
  7935 | D:7      | Acquired Kikubaaqudgha's second power
  8145 | D:7      | Noticed a cyclops
  8165 | D:7      | HP: 1/61 [cyclops/large rock (5)]
  8183 | D:7      | Killed a cyclops
  8183 | D:7      | Reached XP level 10. HP: 10/67 MP: 10/10
  9088 | D:8      | Noticed a death yak
  9885 | D:9      | Found a glowing golden altar of the Shining One.
 10186 | D:9      | Reached skill level 5 in Dodging
 10708 | D:10     | Entered Level 10 of the Dungeon
 10896 | D:10     | Found a portal to a secret trove of treasure.
 11256 | D:10     | Found a white marble altar of Elyvilon.
 11315 | D:10     | Received a gift from Kikubaaqudgha
 11316 | D:10     | Identified Kikubaaqudgha's Catalogue of Evil (Kikubaaqudgha gifted it to you on level 10 of the Dungeon)
 11549 | D:10     | Found a staircase to the Orcish Mines.
 11689 | D:10     | Found a roughly hewn altar of Beogh.
 12478 | D:11     | Reached XP level 11. HP: 75/75 MP: 11/11
 12603 | D:11     | Killed an unseen horror
 12803 | D:11     | Reached skill level 15 in Polearms
 12862 | D:11     | Noticed a hill giant
 12863 | D:11     | Noticed a hill giant
 12868 | D:11     | Killed a hill giant
 12873 | D:11     | Killed a hill giant
 13379 | D:11     | Acquired Kikubaaqudgha's third power
 13390 | D:11     | Noticed a brown ugly thing
 13427 | D:11     | Killed a brown ugly thing
 13427 | D:11     | Reached skill level 16 in Polearms
 13756 | D:12     | Found a burning altar of Makhleb.
 13784 | D:12     | Found Moiwupna's Food Boutique.
 14648 | D:12     | Reached skill level 10 in Armour
 14839 | D:11     | Reached skill level 1 in Spellcasting
 14898 | D:12     | Reached XP level 12. HP: 76/85 MP: 16/18
 14957 | D:12     | Reached skill level 5 in Fighting
 15254 | D:8      | Noticed an elephant
 15271 | D:8      | Killed an elephant
 15478 | D:8      | Found an iron altar of Okawaru.
 15551 | D:8      | Found a shimmering altar of Xom.
 15699 | D:8      | Killed a death yak
 15819 | D:8      | Gained mutation: You are agile. (Dex +2) [mutagenic meat]
 15820 | D:8      | Gained mutation: You possess an exceptional clarity of mind. [mutagenic meat]
 15825 | D:8      | Found a staircase to the Lair.
 16135 | Lair:1   | Entered Level 1 of the Lair of Beasts
 16149 | Lair:1   | Learned a level 3 spell: Regeneration
 16397 | Lair:1   | Reached skill level 1 in Charms
 16474 | Lair:1   | Reached skill level 1 in Necromancy
 16490 | Lair:1   | Noticed Harold
 16506 | Lair:1   | Killed Harold
 16719 | Lair:1   | Noticed a four-headed hydra
 16750 | Lair:1   | Killed a six-headed hydra
 17101 | Lair:1   | Learned a level 2 spell: Blink
 17104 | Lair:1   | Learned a level 2 spell: Repel Missiles
 17108 | Lair:1   | Learned a level 3 spell: Mephitic Cloud
 17333 | D:13     | Noticed an ogre mage
 17343 | D:13     | Killed an ogre mage
 17362 | D:13     | Reached skill level 1 in Conjurations
 17492 | D:13     | Acquired Kikubaaqudgha's fourth power
 17496 | D:13     | Reached skill level 1 in Translocations
 17496 | D:13     | Reached skill level 1 in Air Magic
 17566 | D:13     | Noticed a centaur warrior
 17594 | D:13     | Killed a centaur warrior
 17825 | D:13     | Noticed a centaur warrior
 17835 | D:13     | Killed a centaur warrior
 17835 | D:13     | Reached XP level 13. HP: 80/96 MP: 24/24
 17940 | D:13     | Reached skill level 5 in Spellcasting
 17991 | D:13     | Found a deep blue altar of Sif Muna.
 19027 | D:14     | Noticed a vault guard
 19071 | D:14     | Killed a vault guard
 19071 | D:14     | Reached skill level 5 in Charms
 19145 | D:14     | Noticed a vault guard
 19161 | D:14     | Killed a vault guard
 20120 | D:14     | Found a gate to the Vaults.
 20717 | D:14     | Reached XP level 14. HP: 101/103 MP: 28/28
 20800 | Orc:1    | Entered Level 1 of the Orcish Mines
 20891 | Orc:1    | Noticed Grum
 20905 | Orc:1    | Killed Grum
 21083 | Orc:3    | Noticed Joseph
 21109 | Orc:3    | Killed Joseph
 21109 | Orc:3    | Reached skill level 1 in Poison Magic
 21203 | Orc:4    | Entered Level 4 of the Orcish Mines
 21568 | Orc:4    | Reached skill level 5 in Necromancy
 21708 | Orc:4    | Found a staircase to the Elven Halls.
 22348 | Orc:4    | Found Erydak's Gadget Shoppe.
 22352 | Orc:4    | Found Pyekaen's Book Boutique.
 22719 | Orc:4    | Found Taperoit's Weapon Boutique.
 22733 | Orc:4    | Found Siliaf's Assorted Antiques.
 22986 | Lair:2   | Noticed Fiveotanaka's ghost (experienced DrAE)
 23137 | Lair:2   | Killed Fiveotanaka's ghost
 23137 | Lair:2   | Reached skill level 5 in Conjurations
 23137 | Lair:2   | Reached skill level 5 in Air Magic
 23644 | Lair:1   | Learned a level 2 spell: Swiftness
 23648 | Lair:1   | Learned a level 3 spell: Flight
 23729 | Lair:3   | Reached skill level 1 in Shields
 24844 | Lair:3   | Found a staircase to the Swamp.
 25269 | Lair:4   | Noticed Maud
 25292 | Lair:4   | Killed Maud
 25805 | Lair:5   | Reached XP level 15. HP: 108/108 MP: 30/30
 25809 | Lair:5   | Reached skill level 5 in Shields
 25864 | Lair:5   | Noticed Snorg
 25886 | Lair:5   | Killed Snorg
 26400 | Lair:5   | Found a staircase to the Snake Pit.
 26678 | Lair:5   | Reached skill level 10 in Dodging
 27946 | Lair:6   | Found a staircase to the Swamp.
 28004 | Lair:6   | Noticed Erica
 28017 | Lair:6   | Killed Erica
 28284 | Lair:7   | Found a viscous altar of Jiyva.
 28284 | Lair:7   | Found a staircase to the Slime Pits.
 29021 | Lair:8   | Entered Level 8 of the Lair of Beasts
 30295 | Orc:4    | Bought the Volume of Assistive Unholy Rites for 1292 gold pieces
 30300 | Orc:4    | Learned a level 4 spell: Animate Dead
 30496 | Swamp:1  | Entered Level 1 of the Swamp
 30768 | Swamp:1  | Reached skill level 10 in Fighting
 30913 | Swamp:1  | Found a frozen archway.
 31003 | IceCv    | Entered an ice cave
 31072 | IceCv    | Reached XP level 16. HP: 71/123 MP: 31/31
 31409 | IceCv    | Noticed an Ice Fiend
 31456 | IceCv    | HP: 6/123 [??? (3)]
 31467 | IceCv    | Demolished by an Ice Fiend

Action                   |  1- 3 |  4- 6 |  7- 9 | 10-12 | 13-15 | 16-18 || total
-------------------------+-------+-------+-------+-------+-------+-------++-------
Melee: Trident           |   138 |   165 |   939 |   618 |    16 |       ||  1876
       Glaive            |       |       |       |   745 |  1402 |       ||  2147
       Demon trident     |       |       |       |       |  1068 |   137 ||  1205
Throw: Tomahawk          |     7 |     1 |    19 |     4 |       |       ||    31
 Cast: Regeneration      |       |       |       |       |    75 |    10 ||    85
       Mephitic Cloud    |       |       |       |       |     6 |       ||     6
       Animate Dead      |       |       |       |       |     4 |     2 ||     6
Invok: Receive Corpses   |       |       |       |       |       |     3 ||     3
Evoke: Wand              |       |       |       |     1 |       |       ||     1
  Use: Potion            |       |     2 |     3 |       |       |     5 ||    10
       Scroll            |       |       |     8 |    15 |     5 |     1 ||    29
 Stab: Sleeping          |     1 |       |       |       |       |       ||     1
       Distracted        |       |       |     1 |       |     4 |     2 ||     7
       Confused          |       |       |       |       |     2 |       ||     2
       Petrified         |       |       |       |       |     6 |       ||     6
       Petrifying        |       |       |       |       |     1 |       ||     1
  Eat: Chunk             |     1 |     5 |    18 |    29 |    54 |     1 ||   108
       Bread ration      |       |       |       |     1 |       |       ||     1
       Beef jerky        |       |       |       |     1 |       |       ||     1
       Pizza             |       |       |       |       |       |     1 ||     1
